Map: Rhoskallian LE

Players

qqq

  • Race: Zerg Zerg
  • Spawn Location: 12:00

Massa

  • Race: Terran Terran
  • League: Platinum
  • Spawn Location: 11:00

Edge - Winner!

  • Race: Terran Terran
  • Spawn Location: 5:00

JebacKeve - Winner!

  • Race: Protoss Protoss
  • Spawn Location: 6:00

VOD

Have the link to the VOD?

Description

Time

  • Played on: Oct. 23, 2020, 4:34 p.m.
  • Length: 4:13
Show
View Real Time Build Order
Export as new Build Order

qqq Zerg 

Build Orders: Hatch First 

Get SALT Encoding   

  12  0:01  Drone  
  13  0:08  Drone  
  14  0:37  Hatchery  
  13  0:47  Drone, Overlord  
  14  1:05  Spawning Pool  
  14  1:07  Drone  
  14  1:18  Drone x2  
  16  1:21  Drone  
  17  1:34  Drone  
  18  1:52  Extractor  
  16  1:55  Zergling x2  
  16  1:56  Zergling x2  
  16  1:57  Queen  
  16  1:59  Overlord  
  16  2:00  Zergling x2  
  21  2:03  Drone  
  22  2:17  Drone  
  22  2:18  Zergling x2  
  24  2:25  Overlord  
  24  2:43  Zergling x2  
  25  2:44  Drone, Zergling x4  
  25  2:45  Queen  
  25  2:49  Overlord  
  30  3:02  Drone, Spine Crawler  
  30  3:03  Zergling x2  
  31  3:09  Drone  
  32  3:14  Zergling x2  
  33  3:27  Spine Crawler  
  24  3:36  Zergling x4  
  24  3:37  Zergling x4  
  28  3:46  Zergling x4  
Show
View Real Time Build Order
Export as new Build Order

Massa Terran 

Build Orders: Reaper Expand 

Get SALT Encoding   

  12  0:00  SCV  
  13  0:12  SCV  
  14  0:22  Supply Depot  
  14  0:24  SCV  
  15  0:37  Refinery  
  15  0:44  SCV  
  15  0:45  Barracks  
  16  0:56  SCV  
  17  1:08  SCV  
  18  1:20  SCV  
  19  1:33  Orbital Command  
  19  1:43  Command Center  
  19  1:45  Reaper  
  20  2:01  SCV  
  20  2:07  Barracks  
  21  2:15  Bunker  
  21  2:17  Marine  
  21  2:22  Supply Depot  
  22  2:27  SCV  
  23  2:39  Barracks  
  23  2:41  Supply Depot  
  23  2:54  Marine  
  23  3:09  Orbital Command, Factory  
  23  3:10  SCV  
  23  3:12  Marine  
  25  3:16  Barracks  
  25  3:18  Marine  
  26  3:22  SCV  
  26  3:27  Marine  
  26  3:30  Marine  
  27  3:35  Marine  
  25  3:45  Marine  
  25  3:47  Marine  
  27  3:53  Marine  
Show
View Real Time Build Order
Export as new Build Order

Edge Terran - Winner!

Build Orders:  

Get SALT Encoding   

  12  0:01  SCV  
  13  0:19  SCV, Supply Depot  
  14  0:31  SCV  
  15  0:42  Barracks  
  15  0:53  Barracks  
  15  1:07  SCV  
  15  1:10  Barracks  
  16  1:25  Barracks  
  16  1:30  Marine  
  17  1:40  Marine, Supply Depot  
  17  1:44  SCV  
  19  1:53  Marine  
  20  1:58  Marine  
  21  2:11  Marine  
  21  2:12  Marine  
  23  2:15  Marine  
  24  2:29  Marine  
  25  2:30  Marine  
  25  2:33  Marine  
  27  2:38  Marine  
  28  2:46  Marine  
  28  2:47  Marine  
  30  2:51  Marine  
  31  3:06  Supply Depot  
  31  3:12  Orbital Command  
  31  3:18  Refinery  
  31  3:20  Refinery  
  31  3:28  Marine x4  
  34  3:45  Marine x4  
Show
View Real Time Build Order
Export as new Build Order

JebacKeve Protoss - Winner!

Build Orders:  

Get SALT Encoding   

  12  0:01  Probe  
  13  0:13  Probe  
  14  0:23  Pylon  
  14  0:25  Probe  
  15  0:42  Gateway  
  15  0:47  Gateway  
  15  1:00  Gateway  
  15  1:02  Probe  
  16  1:14  Pylon  
  16  1:20  Pylon  
  16  1:29  Zealot (Chrono Boost)  
  18  1:33  Zealot (Chrono Boost)  
  22  1:49  Zealot x2 (Chrono Boost)  
  24  1:59  Zealot (Chrono Boost)  
  30  2:18  Zealot x2 (Chrono Boost)  
  30  2:21  Zealot (Chrono Boost)  
  32  2:31  Forge  
  32  2:41  Zealot x2  
  35  3:00  Probe  
  35  3:01  Zealot  
  38  3:28  Zealot  
  38  3:32  Zealot  
Tags
 
Add a new tag
Caveats
  • Supply blocks, unpowered buildings, or Contaminate may cause inaccurate times.
  • Supply counts are checked every 10 seconds.